 Dungeon Crawl Stone Soup version 0.30-b1-2-g02819fbbbe (webtiles) character file.

Game seed: 1257832329013190805

17376 suse60 the Peltast (level 12, -2/113 HPs)
             Began as a Minotaur Fighter on Aug 12, 2023.
             Was a Priest of the Shining One.
             Slain by Fannar
             ... wielding a staff of cold
              (13 damage)
             ... on level 12 of the Dungeon on Aug 15, 2023.
             The game lasted 00:53:07 (12237 turns).

suse60 the Peltast (Minotaur Fighter)              Turns: 12237, Time: 00:53:08

Health: -2/113     AC: 14    Str: 37    XL:     12   Next: 18%
Magic:  18/18      EV:  9    Int:  5    God:    the Shining One [***...]
Gold:   580        SH:  8    Dex:  9    Spells: 11/11 levels left

rFire   . . .        r - +9 war axe of Governance {freeze, Str+4}
rCold   . . .        c - +0 buckler
rNeg    + . .        y - +0 chain mail
rPois   .            (helmet restricted)
rElec   .            D - +1 cloak
rCorr   .            (no gloves)
SInv    .            w - +2 pair of boots
Will    +....        (no amulet) Stlth
                     z - ring of willpower
HPRegen 0.38/turn    q - +6 ring of strength
MPRegen 0.16/turn

%: no passive effects
@: mighty, spiked, glowing
A: horns 2, retaliatory headbutt
a: Renounce Religion, Divine Shield, Cleansing Flame


You were on level 12 of the Dungeon.
You worshipped the Shining One.
The Shining One was most pleased with you.
You visited 2 branches of the dungeon, and saw 13 of its levels.
You also visited: Bailey.

You collected 580 gold pieces.

Inventory:

Hand Weapons
 r - the +9 war axe of Governance (weapon) {freeze, Str+4}
   (You found it on level 3 of the Dungeon)

   Str:       It affects your strength (+4).
 s - a +5 mace of holy wrath
Armour
 c - a +0 buckler (worn)
 w - a +2 pair of boots (worn)
 y - a +0 chain mail (worn)
 D - a +1 cloak (worn)
Jewellery
 q - a +6 ring of strength (right hand)
 z - a ring of willpower (left hand)
Wands
 b - a wand of roots (3)
 d - a wand of flame (58)
 o - a wand of digging (11)
 u - a wand of charming (11)
Scrolls
 f - 3 scrolls of fog
 i - 3 scrolls of silence {unknown}
 k - a scroll of blinking {unknown}
 m - a scroll of poison {unknown}
 t - 5 scrolls of teleportation
 v - 3 scrolls of magic mapping
 x - a scroll of enchant armour
Potions
 a - a potion of resistance {unknown}
 e - 5 potions of flight
 g - a potion of haste {unknown}
 h - 2 potions of cancellation
 j - 3 potions of magic
 l - 6 potions of curing
 p - a potion of mutation


   Skills:
 + Level 12.6 Fighting
 + Level 11.3 Axes
 - Level 3.9 Armour
 - Level 17.6 Shields
 - Level 10.0 Invocations


You had 11 spell levels left.
You didn't know any spells.
Your spell library contained the following spells:

 Spells                   Type           Power      Damage    Failure   Level
 Beastly Appendage        Tmut           0%         N/A       87%         1
 Necrotise                Necr           0%         1d4       87%         1
 Sandblast                Erth           0%         2d4       87%         1
 Cigotuvi's Dreadful Rot  Necr/Pois/Air  0%         N/A       95%         2
 Lesser Beckoning         Tloc           0%         N/A       95%         2
 Passwall                 Tmut/Erth      0%         N/A       95%         2
 Scorch                   Fire           0%         2d5       95%         2
 Wereblood                Tmut           0%         N/A       95%         2
 Frozen Ramparts          Ice            0%         1d1       99%         3
 Gell's Gravitas          Tloc           0%         N/A       99%         3
 Spider Form              Tmut/Pois      0%         N/A       99%         3
 Stone Arrow              Conj/Erth      0%         3d7       99%         3
 Teleport Other           Tloc           0%         N/A       99%         3
 Vampiric Draining        Necr           0%         2d6       99%         3
 Dispel Undead            Necr           0%         3d6       100%        4
 Flame Wave               Conj/Fire      0%         2d4       100%        4
 Ice Form                 Ice/Tmut       0%         N/A       100%        4
 Summon Ice Beast         Ice/Summ       0%         N/A       100%        4
 Agony                    Necr           0%         N/A       100%        5
 Death Channel            Necr           0%         N/A       100%        6
 Summon Cactus Giant      Summ           0%         N/A       100%        6


Dungeon Overview and Level Annotations

Branches:
Dungeon (12/15)            Temple (1/1) D:7            Lair (0/5) D:10
    Orc (0/2) D:11         Bailey (visited)

Altars:
Cheibriados
Dithmenos
Elyvilon
Fedhas
Gozag
Nemelex Xobeh
Okawaru
Qazlal
Ru
Sif Muna
Vehumet
Yredelemnul
The Shining One

Shops:
D:8 :   D:9 (

Portals:
Trove: D:11 (give +2 shadow dragon scales)

Annotations:
D:12 Fannar


Innate Abilities, Weirdness & Mutations

You have a pair of horns on your head.
You reflexively headbutt those who attack you in melee.


Message History

A manticore comes into view.
Fannar hits you with a staff of cold! Fannar freezes you!
You slice Fannar!! You freeze Fannar.
Fannar is moderately wounded.
The manticore flicks its tail.
The volley of spikes hits you!
The barbed spikes become lodged in your body.
Fannar mumbles some strange words.
You closely miss Fannar.
Fannar is moderately wounded.
The manticore flicks its tail.
You block the volley of spikes. Fannar hits you but does no damage.
Fannar freezes you!
You slash Fannar! Your headbutt misses Fannar.
Fannar is moderately wounded.
You hit Fannar.
Fannar is heavily wounded.
You block Fannar's attack.
You barely miss Fannar. Your headbutt misses Fannar.
Fannar is heavily wounded.
You slash the ice beast! Fannar hits you with a staff of cold.
Fannar freezes you! You block the ice beast's attack.
You hit Fannar but do no damage. You headbutt Fannar!
Fannar is heavily wounded.
You slash the ice beast!
You kill the ice beast!
The ice beast disappears in a puff of smoke!
Fannar hits you with a staff of cold. Fannar freezes you!
* * * LOW HITPOINT WARNING * * *
You feel better.
Fannar gestures wildly while chanting.
The manticore bites you!
* * * LOW HITPOINT WARNING * * *
You block the manticore's attack. The manticore barely misses you.
You feel very mighty all of a sudden.
The manticore bites you but does no damage.
The manticore closely misses you. x2; Fannar hits you with a staff of cold.
* * * LOW HITPOINT WARNING * * *
Fannar freezes you!
You die...

..........##
).........#
..$......##
.........#
........##
.........
#Y....[.. #He#
# #######@.# #
#........# #
#.#####..#
#.#B# #..# #
#### #.#u#
#..# ###..##
#.#W# #..#
##....####.#o#
#..#
.#.....##..#Y#
#.##
...........#u#
#.#


You could see Fannar, a manticore and an ice beast (summoned).

Vanquished Creatures
  Pikel (D:8)
  An orc knight (Bailey)
  An elephant (D:8)
  2 gargoyles
  An unseen horror (D:11)
  A komodo dragon (D:10)
  A kobold demonologist (D:12)
  Psyche (D:10)
  7 trolls
  Prince Ribbit (D:9)
  16 yaks
  Sigmund (D:6)
  A wyvern (D:6)
  Eustachio (D:6)
  4 humans (D:8)
  3 wraiths
  A basilisk (D:12)
  2 steam dragons
  2 vampire mosquitoes (D:11)
  Menkaure (D:6)
  An acid dragon (D:10)
  4 water moccasins
  A sky beast (D:7)
  3 ice beasts
  3 black bears
  11 orc warriors
  An ogre (D:5)
  13 centaurs
  2 lemures (D:8)
  A phantom (D:6)
  Blork the orc (D:6)
  4 kobold brigands
  4 bullfrogs
  A gnoll sergeant (D:6)
  A scorpion (D:5)
  3 wights (D:7)
  56 killer bees
  3 howler monkeys (D:9)
  6 electric eels (D:6)
  2 jellies
  6 orc priests
  5 hounds
  4 iguanas
  A sleepcap (D:6)
  A gnoll bouda (D:5)
  8 orc wizards
  A mummy (D:5)
  20 gnolls
  18 adders
  A shadow imp (D:5)
  2 white imps
  An ufetubus (D:6)
  2 worms
  7 dart slugs
  67 orcs
  6 ball pythons
  6 endoplasms
  2 giant cockroaches
  7 goblins
  6 hobgoblins
  8 jackals
  27 kobolds
  2 quokkas
  5 bats
  3 frilled lizards
  A hobgoblin zombie (D:5)
  A kobold zombie (D:5)
  2 orc zombies (D:5)
  4 rats
394 creatures vanquished.

Vanquished Creatures (others)
  An orc (D:6)
  56 plants (D:6)
57 creatures vanquished.

Grand Total: 451 creatures vanquished

Notes
Turn   | Place    | Note
-------+----------+-------------------------------------------
     0 | D:1      | suse60 the Minotaur Fighter began the quest for the Orb.
     0 | D:1      | Reached XP level 1. HP: 19/19 MP: 0/0
   122 | D:1      | Reached XP level 2. HP: 27/27 MP: 1/1
   442 | D:1      | Reached skill level 4 in Shields
   730 | D:1      | Reached XP level 3. HP: 32/33 MP: 2/2
  1148 | D:2      | Reached XP level 4. HP: 41/41 MP: 3/3
  1335 | D:2      | Reached skill level 5 in Fighting
  1622 | D:3      | Noticed a black bear
  1626 | D:3      | Reached XP level 5. HP: 43/48 MP: 4/4
  1639 | D:3      | Killed a black bear
  1640 | D:3      | Reached skill level 5 in Axes
  1640 | D:3      | Reached XP level 6. HP: 51/57 MP: 5/5
  1949 | D:3      | Identified the +9 war axe of Governance {freeze, Str+4}
  2144 | D:3      | Found a faded altar of an unknown god.
  2674 | D:4      | Reached XP level 7. HP: 59/66 MP: 6/6
  2779 | D:4      | Noticed a yak
  2780 | D:4      | Noticed a steam dragon
  2783 | D:4      | Killed a yak
  2785 | D:4      | Killed a steam dragon
  3314 | D:5      | Entered Level 5 of the Dungeon
  3338 | D:5      | Reached XP level 8. HP: 75/75 MP: 7/7
  3737 | D:5      | Found an iron altar of Okawaru.
  3948 | D:5      | Found a stormy altar of Qazlal.
  3953 | D:5      | Found a sacrificial altar of Ru.
  4245 | D:5      | Reached skill level 10 in Fighting
  4406 | D:5      | Reached skill level 10 in Axes
  4644 | D:5      | Found a radiant altar of Vehumet.
  4644 | D:5      | Found a glowing golden altar of the Shining One.
  4645 | D:5      | Found a shimmering blue altar of Sif Muna.
  4651 | D:5      | Became a worshipper of the Shining One
  4830 | D:6      | Reached skill level 1 in Invocations
  4830 | D:6      | Reached XP level 9. HP: 33/86 MP: 8/8
  4836 | D:6      | Reached skill level 5 in Shields
  4943 | D:6      | Noticed Eustachio
  4951 | D:6      | Killed Eustachio
  4952 | D:6      | Reached skill level 6 in Shields
  5031 | D:6      | Noticed Sigmund
  5042 | D:6      | Killed Sigmund
  5335 | D:6      | Reached skill level 7 in Shields
  5433 | D:6      | Found a snail-covered altar of Cheibriados.
  5756 | D:6      | Reached skill level 8 in Shields
  5955 | D:6      | Noticed Blork the orc
  5962 | D:6      | Killed Blork the orc
  6076 | D:6      | Reached skill level 9 in Shields
  6202 | D:6      | Noticed Menkaure
  6215 | D:6      | Killed Menkaure
  6612 | D:7      | Reached skill level 5 in Invocations
  6626 | D:7      | Found a staircase to the Ecumenical Temple.
  6635 | Temple   | Entered the Ecumenical Temple
  6674 | D:7      | Reached skill level 10 in Shields
  6693 | D:7      | Reached * piety under the Shining One
  6701 | D:7      | Reached XP level 10. HP: 54/94 MP: 13/13
  7164 | D:8      | Reached skill level 11 in Shields
  7229 | D:8      | Noticed Pikel
  7236 | D:8      | Killed Pikel
  7237 | D:8      | Reached skill level 12 in Shields
  7290 | D:8      | Reached skill level 13 in Shields
  7579 | D:8      | Noticed an elephant
  7615 | D:8      | Reached skill level 14 in Shields
  8020 | D:8      | Found Uhizul's Tremendous Tomes.
  8145 | D:8      | Reached skill level 15 in Shields
  8145 | D:8      | Reached XP level 11. HP: 56/101 MP: 16/16
  8339 | D:8      | Reached ** piety under the Shining One
  8462 | D:9      | Reached skill level 16 in Shields
  8914 | D:9      | Found Rentenakh's Weapon Emporium.
  8964 | D:9      | Noticed Prince Ribbit
  8977 | D:9      | Killed Prince Ribbit
  9265 | D:9      | Found a sparkling altar of Nemelex Xobeh.
  9265 | D:9      | Found an opulent altar of Gozag.
  9267 | D:9      | Reached skill level 10 in Invocations
  9507 | D:10     | Entered Level 10 of the Dungeon
  9547 | D:10     | Reached skill level 17 in Shields
  9618 | D:10     | Found a flagged portal.
  9627 | Bailey   | Entered a bailey
  9879 | Bailey   | Noticed an orc knight
  9879 | Bailey   | Noticed an orc knight
  9913 | Bailey   | Killed an orc knight
 10249 | D:10     | Found a basalt altar of Yredelemnul.
 10268 | D:10     | Noticed Psyche
 10273 | D:10     | Killed Psyche
 10475 | D:10     | Found a staircase to the Lair.
 10813 | D:11     | Found a portal to a secret trove of treasure.
 11556 | D:11     | Reached XP level 12. HP: 106/112 MP: 18/18
 11726 | D:11     | Reached *** piety under the Shining One
 11771 | D:11     | Found a staircase to the Orcish Mines.
 12208 | D:12     | Noticed a boulder beetle
 12221 | D:12     | Noticed Fannar
 12237 | D:12     | Slain by Fannar

Illustrated notes

Levels and vault maps discovered:
D:1:      minmay_arrival_four_houses, layout_loops_ring
D:2:      minmay_wonky_spiral, layout_basic
D:3:      layout_loops_ring, shapermc_ecumenical_altar_pompeii, nicolae_titane
D:4:      kennysheep_big_flooded_room, layout_loops_ring,
          minmay_manual_macuahuitl
D:5:      minmay_bubble_buster, layout_layer_cave,
          mainiacjoe_overflow_concentric_impassable,
          gammafunk_temple_overflow_claw, mainiacjoe_overflow_big_doors,
          minmay_hedge_maze, minmay_mini_ossuary
D:6:      layout_loops_ring, kennysheep_slug_shrine, serial_bayou,
          serial_bayou_crossing, serial_bayou_lagoon_a, serial_bayou_ford_a,
          serial_bayou_lagoon_b, uniq_sigmund, uniq_menkaure, uniq_eustachio,
          uniq_blork_the_orc
D:7:      layout_basic, minmay_temple_entry_gardened_gates
D:8:      wad_woods_minihive, layout_rooms, nicolae_shop_i_like_big_books,
          minmay_ruffians, uniq_pikel
D:9:      layout_cave_pods, grunt_temple_overflow_opulence,
          nicolae_take_the_stairs, minivault_23, uniq_prince_ribbit1
D:10:     layout_small_grid, yredelemnul_altar_generic, lair_entry_dummy,
          enter_bailey_2, uniq_psyche
D:11:     layout_small_grid, hiddenorc2_lemuel, nicolae_trove_entry_free_sample
D:12:     layout_cave_pods, onia_ninara_dug_in_and_dangerous, uniq_fannar
Temple:   nicolae_temple_bog_church

Skill      XL: |  1  2  3  4  5  6  7  8  9 10 11 12 |
---------------+-------------------------------------+-----
Shields        | 4 10 15 17 | 17.6
Fighting       | 4 5 6 7 8 10 12 | 12.6
Axes           | 3 4 5 6 8 10 11 | 11.3
Invocations    | 1 5 8 10 | 10.0
Armour         | |  3.9

Action                     |  1- 3 |  4- 6 |  7- 9 | 10-12 || total
---------------------------+-------+-------+-------+-------++-------
  Melee: War axe           |    61 |   100 |   178 |   370 ||   709
         Headbutt          |     4 |    10 |    28 |    65 ||   107
  Evoke: Wand              |       |       |     4 |     3 ||     7
    Use: Scroll            |     3 |     6 |     2 |    17 ||    28
         Potion            |       |     1 |     1 |     8 ||    10
 Armour: Scale mail        |    36 |    51 |    25 |       ||   112
         Chain mail        |       |       |     5 |   127 ||   132
  Dodge: Dodged            |    21 |    35 |    59 |   121 ||   236
  Block: Buckler           |     4 |    24 |    30 |   126 ||   184
